AoeStats
← Raghuram6I

Arabia

503786343Analyzed
1v1 RM · 1mo ago on Sep 2, 2026· 49m 47s· 2 players
Game mode
Random Map
Map size
Tiny (2 player)
Population
200
Speed
Normal
Resources
Standard
Victory
Conquest
Starting age
Dark Age
Ending age
Imperial Age
RankedLock teamsTeams togetherTeam positionsShared explorationLock speedFull tech treeHidden civsTurbo modeCheats
Victory
Defeat
🇫🇷 Hindustanis · France
853
+15
🇮🇳 Franks · India
822
-15
Raghuram6I
10:09 Feudal Age
9:17 Loom
10:35 Double-Bit Axe
13:51 Wheelbarrow
15:42 Fletching
16:05 Forging
16:49 Scale Barding Armor
24:05 Castle Age
21:57 Stone Mining
23:19 Scale Mail Armor
23:09 Fletching
23:19 Padded Archer Armor
23:42 Gold Mining
25:24 Gold Shaft Mining
25:03 Bow Saw
25:16 Hand Cart
26:25 Husbandry
28:58 Iron Casting
35:23 Town Watch
39:09 Imperial Age
36:51 Pikeman
37:32 Squires
37:59 Ballistics
37:35 Murder Holes
37:50 Masonry
39:51 Halberdier
41:40 Chemistry
41:11 Architecture
46:29 Siege Engineers
47:14 Chivalry
47:36 #83
47:37 Conscription
48:27 Cavalier
49:54 Town Patrol
Maxpid
9:50 Feudal Age
10:24 Double-Bit Axe
11:01 Loom
12:46 Horse Collar
18:50 Town Watch
21:19 Castle Age
19:56 Wheelbarrow
21:53 Pikeman
22:33 Squires
22:18 Arson
23:48 Scale Mail Armor
23:59 Forging
23:58 Elite Skirmisher
28:19 Fletching
28:29 Padded Archer Armor
28:51 Town Watch
30:08 Bow Saw
31:08 Heavy Plow
32:51 Ballistics
32:27 Murder Holes
38:27 Imperial Age
36:35 Gold Mining
36:36 Stone Mining
37:07 Crossbowman
39:26 Husbandry
39:36 Bloodlines
41:22 Chemistry
41:27 Conscription
42:37 Heavy Camel Rider
47:27 Shatagni
48:42 Imperial Camel Rider
Connection lost

Rejoining the realm…

Still unreachable

The connection could not be restored.

Session expired

The server has moved on; the page needs a fresh start.